 Dungeon Crawl Stone Soup version 0.27-a0-512-g57cc695410 (webtiles) character file.

Game seed: 7526766867603203851

3 tilp the Insei (level 1, 0/13 HPs)
             Began as an Octopode Transmuter on Mar 3, 2021.
             Slain by a kobold (2 damage)
             ... on level 1 of the Dungeon.
             The game lasted 00:00:44 (26 turns).

tilp the Insei (Octopode Transmuter)                  Turns: 26, Time: 00:00:44

Health: 0/13       AC:  1    Str:  9    XL:     1   Next: 50%
Magic:  3/3        EV: 13    Int: 15    God:
Gold:   0          SH:  0    Dex: 12    Spells: 3/4 levels left

rFire    . . .     SeeInvis .     - Unarmed
rCold    . . .     Faith    .   (no shield)
rNeg     . . .     Spirit   .   (helmet restricted)
rPois    .         Reflect  .   (no amulet)
rElec    .         Harm     .   (no ring)
rCorr    .         Rampage  .   (no ring)
Will     .....                  (no ring)
Stlth    +++.......             (no ring)
HPRegen  0.04/turn              (no ring)
MPRegen  0.08/turn              (no ring)
                                (no ring)
                                (no ring)

@: no status effects
A: almost no armour, stealthy swim, amphibious, 8 rings, constrict 8, camouflage
1, gelatinous body 1
a: no special abilities


You were on level 1 of the Dungeon.
You visited 1 branch of the dungeon, and saw 1 of its levels.

Inventory:

Potions
 a - a potion of mutation {unknown}


   Skills:
 - Level 1.0 Fighting
 - Level 2.0 Dodging
 + Level 1.5 Stealth
 - Level 3.0 Unarmed Combat
 - Level 2.0 Spellcasting
 - Level 2.0 Transmutations


You had 3 spell levels left.
You knew the following spells:

 Your Spells              Type           Power        Failure   Level
a - Beastly Appendage     Tmut           14%          10%         1

Your spell library contained the following spells:

 Spells                   Type           Power        Failure   Level
 Wereblood                Tmut           7%           14%         2
 Spider Form              Tmut/Pois      2%           41%         3
 Ice Form                 Ice/Tmut       4%           82%         4
 Blade Hands              Tmut           3%           95%         5


Dungeon Overview and Level Annotations

Branches:
Dungeon (1/15)

Altars:

Annotations:
D:1 kraken vault


Innate Abilities, Weirdness & Mutations

You cannot wear most types of armour.
You are very stealthy in the water. (Stealth+)
You are amphibious.
You can wear up to eight rings at the same time.
You can use your tentacles to constrict eight enemies at once.
Your skin changes colour to match your surroundings (Stealth+).
Your rubbery body absorbs attacks. (AC +1, EV +1)


Message History

The hobgoblin is almost dead.
You constrict the hobgoblin, but do no damage.
The hobgoblin barely misses you.
You tentacle-slap the hobgoblin.
You kill the hobgoblin!
The bat hits you.
Annotate which branch? (. - D:1, ? - help, ! - show branch list) New annotation for D:1 (include '!' for warning): kraken vault The kobold closely misses you.
The bat barely misses you.
You tentacle-slap the bat but do no damage.
You grab the bat. You constrict the bat. The bat misses you.
The bat completely misses you. The kobold hits you.
The bat struggles to escape constriction.
You tentacle-slap the bat.
You kill the bat!
The kobold barely misses you.
Your Stealth skill increases to level 1!
You tentacle-slap the hobgoblin. You grab the hobgoblin.
The hobgoblin is severely wounded.
You constrict the hobgoblin, but do no damage.
The kobold hits you. The hobgoblin barely misses you.
You are too injured to fight recklessly!
You are too injured to fight recklessly!
You are too injured to fight recklessly!
Unknown command.
You tentacle-slap the hobgoblin but do no damage.
The hobgoblin is severely wounded.
You constrict the hobgoblin, but do no damage.
The kobold closely misses you. The hobgoblin hits you.
* * * LOW HITPOINT WARNING * * *
Unknown command.
You tentacle-slap the hobgoblin.
You kill the hobgoblin!
The kobold hits you.
* * * LOW HITPOINT WARNING * * *
Unknown command.
You tentacle-slap the kobold. Your grab misses the kobold.
The kobold is heavily wounded.
The kobold hits you.
You die...

.# ### ..# #...
.. #...######.#
...........###
..)..........
..#########†K.#
#..#.†.†...#@..#
...#.≈≈≈≈≈.#...#
##.#.≈≈≈X≈.#...#
...#†≈≈†≈≈.#...#
#.#...†...#...#
#.#########..##
#..[.'''.....#
######.###...#
#.....#...#


You could see a kobold and a neutral kraken (wandering).

Vanquished Creatures
  2 hobgoblins (D:1)
  A bat (D:1)
3 creatures vanquished.

Vanquished Creatures (others)
  A minotaur (D:1)
  A draconian (D:1)
  2 octopodes (D:1)
  A vine stalker (D:1)
  An elf (D:1)
  A spriggan (D:1)
  2 formicids (D:1)
  A vampire (D:1)
  A human (D:1)
  A naga (D:1)
  A mummy (D:1)
  2 orcs (D:1)
  4 tentacles (D:1)
19 creatures vanquished.

Grand Total: 22 creatures vanquished

Notes
Turn   | Place    | Note
-------+----------+-------------------------------------------
     0 | D:1      | tilp the Octopode Transmuter began the quest for the Orb.
     0 | D:1      | Reached XP level 1. HP: 13/13 MP: 3/3
     2 | D:1      | Noticed a formicid
     2 | D:1      | Noticed a vampire
     2 | D:1      | Noticed a naga
     2 | D:1      | Noticed an octopode
     2 | D:1      | Noticed a kraken
     2 | D:1      | Noticed an elf
     2 | D:1      | Noticed a draconian
     2 | D:1      | Noticed a formicid
     2 | D:1      | Noticed a vine stalker
     2 | D:1      | Noticed an octopode
     2 | D:1      | Noticed a spriggan
     2 | D:1      | Noticed a human
     2 | D:1      | Noticed a minotaur
     3 | D:1      | Killed a formicid
     6 | D:1      | Killed a naga
     6 | D:1      | Killed an octopode
     7 | D:1      | Killed a vampire
     8 | D:1      | Killed a draconian
     8 | D:1      | Killed a vine stalker
    10 | D:1      | Killed a human
    10 | D:1      | Killed a spriggan
    11 | D:1      | Killed an elf
    12 | D:1      | Killed an octopode
    13 | D:1      | Killed a formicid
    15 | D:1      | Killed a minotaur
    23 | D:1      | Reached skill level 1 in Stealth
    26 | D:1      | Slain by a kobold

Illustrated notes

Levels and vault maps discovered:
D:1:      nicolae_arrival_kraken_aquarium_b, layout_loops_ring

Skill      XL: |  1 |
---------------+----+-----
Stealth        | 1 |  1.5
Fighting       | |  1.0
Dodging        | |  2.0
Unarmed Combat | |  3.0
Spellcasting   | |  2.0
Transmutations | |  2.0

Action                   || total
-------------------------++-------
Melee: Unarmed           ||     9
       Constrict         ||     3
Dodge: Dodged            ||     9

Table legend: (Time is in decaauts)
 A = Elapsed time spent in this place.
 B = Non-inter-level travel time spent in this place.
 C = Inter-level travel time spent in this place.
 D = Time resting spent in this place.
 E = Time spent auto-exploring this place.
 F = Levels seen in this place.
 G = Mean time per level.
                   A        B        C        D        E       F      G
               +--------+--------+--------+--------+--------+-----+--------+
         Total |     25 |     25 |      0 |      0 |      3 |   1 |   25.0 |
       Dungeon |     25 |     25 |      0 |      0 |      3 |   1 |   25.0 |
               +--------+--------+--------+--------+--------+-----+--------+

Top non-repeatable levels by time:
     D:1: 25 daAuts
